 Dungeon Crawl Stone Soup version 0.30-a0-1164-ge08a67761e (webtiles) character file.

Game seed: 9624507062360102111

1982660 bakla the Young Dragon (level 25, 202/210 HPs)
             Began as a Demonspawn Brigand on Apr 29, 2023.
             Was a Priest of Wu Jian.
             Escaped with the Orb
             ... and 3 runes!
             The game lasted 02:17:28 (48083 turns).

bakla the Young Dragon (Demonspawn Brigand)        Turns: 48083, Time: 02:17:29

Health: 202/210    AC: 36    Str:  8    XL:     25   Next: 10%
Magic:  37/37      EV: 26    Int: 15    God:    Wu Jian [***...]
Gold:   4194       SH: 19    Dex: 38    Spells: 34/36 levels left

rFire   + + .        G - +8 demon blade "Leech" {evervamp, Harm Drain rN+}
rCold   + . .        M - +0 kite shield of Juuruj {Will+ SInv}
rNeg    + . .        Y - +8 fire dragon scales "Meuh Cog" {rF++ rC- rCorr Dex+5}
rPois   +            b - +2 helmet of Inevitability {rPois Will+ Str-4}
rElec   .            (cloak unavailable)
rCorr   +            O - +3 pair of gauntlets of War {Slay+5}
SInv    +            q - +0 pair of boots of Sytegol {Dex+4}
Will    +++..        L - amulet of regeneration
Stlth   +            c - +6 ring of dexterity
HPRegen 1.35/turn    p - ring of Makhleb's Favour {rC+ Int+3 Stlth+}
MPRegen 0.25/turn

%: harm (+30% outgoing, +20% incoming)
@: in a heavenly storm, glowing
A: icy blue scales 3, powered by pain 3, spiny 3, black mark, bedeviling,
weakness stinger 3, hooves 1, dopey 1, weak 1, devolution 1
0: Orb of Zot
}: 3/15 runes: serpentine, barnacled, silver
a: Renounce Religion, Wall Jump, Serpent's Lash


You escaped.
You worshipped Wu Jian.
Wu Jian was most pleased with you.
You visited 10 branches of the dungeon, and saw 48 of its levels.
You also visited: Trove, Gauntlet, Ice Cave and Volcano.

You collected 7329 gold pieces.
You spent 3135 gold pieces at shops.

Inventory:

Hand Weapons
 G - the +8 demon blade "Leech" (weapon) {evervamp, Harm Drain rN+}
   (You found it on level 10 of the Dungeon)

   rN:        It protects you from negative energy.
   Drain:     It drains your maximum health when unequipped.
   Harm:      It increases damage dealt and taken.
Missiles
 F - 4 throwing nets
 R - 7 curare-tipped darts
Armour
 b - the +2 helmet of Inevitability (worn) {rPois Will+ Str-4}
   (You found it in a treasure trove)

   Str:       It affects your strength (-4).
   rPois:     It protects you from poison.
   Will:      It increases your willpower.
 q - the +0 pair of boots of Sytegol (worn) {Dex+4}
   (You found it on level 3 of the Elven Halls)

   Dex:       It affects your dexterity (+4).
 B - a +2 helmet of see invisible
 K - a +4 troll leather armour
 M - the +0 kite shield of Juuruj (worn) {Will+ SInv}
   (You found it in a treasure trove)

   SInv:      It lets you see invisible.
   Will:      It increases your willpower.
 O - the +3 pair of gauntlets of War (worn) {Slay+5}
   (You found it in a treasure trove)

   Slay:      It affects your accuracy & damage with ranged weapons and melee
   (+5).
 T - the +3 hat of Pondering {ponderous, Will+ MP+10 Int+5}
   (You found it on level 3 of the Vaults)

   Int:       It affects your intelligence (+5).
   MP:        It affects your magic capacity (+10).
   Will:      It increases your willpower.
 Y - the +8 fire dragon scales "Meuh Cog" (worn) {rF++ rC- rCorr Dex+5}
   (You bought it in a shop on level 10 of the Dungeon)

   Dex:       It affects your dexterity (+5).
   rF:        It greatly protects you from fire.
   rC:        It makes you vulnerable to cold.
   rCorr:     It protects you from acid and corrosion.
Jewellery
 c - a +6 ring of dexterity (left hand)
 e - a ring of protection from cold
 p - the ring of Makhleb's Favour (right hand) {rC+ Int+3 Stlth+}
   (You found it on level 3 of the Elven Halls)

   [ring of protection from cold]

   Int:       It affects your intelligence (+3).
   rC:        It protects you from cold.
   Stlth:     It makes you more stealthy.
 I - the ring "Dittav" {rF+ Will+}
   (You found it on level 3 of the Elven Halls)

   [ring of protection from fire]

   rF:        It protects you from fire.
   Will:      It increases your willpower.
 L - an amulet of regeneration (around neck)
 Z - the amulet "Mehelol" {+Inv Will+ Regen+ Dex-5}
   (You took it off Jory on level 5 of the Vaults)

   [amulet of regeneration]

   Dex:       It affects your dexterity (-5).
   +Inv:      It lets you turn invisible.
   Regen:     It increases your rate of health regeneration.
   Will:      It increases your willpower.
Wands
 l - a wand of iceblast (56)
 v - a wand of digging (14)
 A - a wand of quicksilver (16)
Scrolls
 d - 8 scrolls of poison
 i - 2 scrolls of silence
 m - 20 scrolls of teleportation
 s - 8 scrolls of amnesia
 t - 3 scrolls of enchant armour
 u - 6 scrolls of fog
 y - 9 scrolls of enchant weapon
 E - 7 scrolls of blinking
 N - 3 scrolls of fear
 Q - 7 scrolls of immolation
 W - 4 scrolls of brand weapon
 X - a scroll of butterflies
Potions
 a - 5 potions of invisibility
 f - 14 potions of attraction
 g - 7 potions of haste
 h - 2 potions of cancellation
 j - 3 potions of might
 k - 3 potions of flight
 n - 8 potions of lignification
 o - 11 potions of brilliance
 w - 10 potions of heal wounds
 x - 4 potions of resistance
 z - 17 potions of curing
 C - 3 potions of magic
 D - 5 potions of berserk rage
 J - 4 potions of ambrosia
 S - 8 potions of mutation
Miscellaneous
 H - a phantom mirror
 P - a condenser vane
 U - a lightning rod (4/4)
 V - a phial of floods


   Skills:
 - Level 19.9 Fighting
 - Level 10.0(12.7) Short Blades
 - Level 12.6(14.0) Long Blades
 - Level 1.7 Throwing
 + Level 17.1 Armour
 - Level 19.9 Dodging
 - Level 10.0 Stealth
 + Level 17.1 Shields
 - Level 6.0 Spellcasting
 - Level 6.0 Transmutations
 - Level 20.0 Invocations
 - Level 15.0 Evocations


You had 34 spell levels left.
You knew the following spells:

 Your Spells              Type           Power      Damage    Failure   Level
a - Wereblood             Tmut           22%        N/A       22%         2

Your spell library contained the following spells:

 Spells                   Type           Power      Damage    Failure   Level
 Sting                    Tmut/Pois      52%        1d5       45%         1
 Apportation              Tloc           8%         N/A       86%         1
 Foxfire                  Conj/Fire      16%        2x1d4     86%         1
 Magic Dart               Conj           16%        1d3       86%         1
 Necrotise                Necr           16%        1d4       86%         1
 Shock                    Conj/Air       16%        1d4       86%         1
 Slow                     Hex            24%        N/A       86%         1
 Summon Small Mammal      Summ           16%        N/A       86%         1
 Ignite Poison            Fire/Tmut/Pois 10%        N/A       92%         3
 Call Imp                 Summ           8%         N/A       95%         2
 Cigotuvi's Dreadful Rot  Necr/Pois/Air  8%         N/A       95%         2
 Lesser Beckoning         Tloc           8%         N/A       95%         2
 Poisonous Vapours        Pois/Air       8%         N/A       95%         2
 Scorch                   Fire           8%         2d5       95%         2
 Static Discharge         Conj/Air       8%         2-3/arc   95%         2
 Sublimation of Blood     Necr           4%         N/A       95%         2
 Call Canine Familiar     Summ           4%         N/A       99%         3
 Confusing Touch          Hex            6%         N/A       99%         3
 Gell's Gravitas          Tloc           4%         N/A       99%         3
 Hailstorm                Conj/Ice       4%         3d4       99%         3
 Inner Flame              Hex/Fire       6%         N/A       99%         3
 Mephitic Cloud           Conj/Pois/Air  4%         N/A       99%         3
 Ozocubu's Armour         Ice            4%         N/A       99%         3
 Summon Guardian Golem    Hex/Summ       6%         N/A       99%         3
 Swiftness                Air            4%         N/A       99%         3
 Teleport Other           Tloc           4%         N/A       99%         3
 Vampiric Draining        Necr           4%         2d6       99%         3
 Vhi's Electric Charge    Tloc/Air       8%         N/A       99%         3
 Volatile Blastmotes      Fire/Tloc      8%         2d10      99%         3
 Ice Form                 Ice/Tmut       13%        N/A       99%         4
 Petrify                  Tmut/Erth      13%        N/A       99%         4
 Airstrike                Air            2%         2d(1-17)  100%        4
 Animate Dead             Necr           4%         N/A       100%        4
 Dispel Undead            Necr           4%         3d7       100%        4
 Flame Wave               Conj/Fire      4%         2d5       100%        4
 Fulminant Prism          Conj/Hex       3%         3d5       100%        4
 Iskenderun's Mystic Bla  Conj/Tloc      4%         2d3       100%        4
 Leda's Liquefaction      Hex/Erth       3%         N/A       100%        4
 Manifold Assault         Tloc           4%         N/A       100%        4
 Olgreb's Toxic Radiance  Pois           4%         N/A       100%        4
 Sticky Flame             Conj/Fire      4%         2d3       100%        4
 Summon Ice Beast         Ice/Summ       4%         N/A       100%        4
 Summon Lightning Spire   Summ/Air       4%         N/A       100%        4
 Alistair's Intoxication  Tmut/Pois      8%         N/A       100%        5
 Arcjolt                  Conj/Air       2%         1d12      100%        5
 Borgnjor's Vile Clutch   Necr/Erth      2%         N/A       100%        5
 Freezing Cloud           Conj/Ice/Air   2%         6-21      100%        5
 Irradiate                Conj/Tmut      6%         3d13      100%        5
 Iskenderun's Battlesphe  Conj           4%         2d6       100%        5
 Lee's Rapid Deconstruct  Erth           2%         3d4*      100%        5
 Summon Forest            Summ/Tloc      2%         N/A       100%        5
 Summon Mana Viper        Hex/Summ       6%         N/A       100%        5
 Yara's Violent Unravell  Hex/Tmut       10%        3d6       100%        5
 Death Channel            Necr           2%         N/A       100%        6
 Dispersal                Tloc           2%         N/A       100%        6
 Eringya's Noxious Bog    Tmut/Pois      6%         N/A       100%        6
 Iron Shot                Conj/Erth      2%         9d2       100%        6
 Simulacrum               Ice/Necr       2%         N/A       100%        6
 Starburst                Conj/Fire      2%         6d3       100%        6
 Statue Form              Tmut/Erth      8%         N/A       100%        6
 Summon Cactus Giant      Summ           2%         N/A       100%        6
 Dragon Form              Tmut           11%        N/A       100%        7
 Enfeeble                 Hex            3%         N/A       100%        7
 Haunt                    Necr/Summ      2%         N/A       100%        7
 Monstrous Menagerie      Summ           2%         N/A       100%        7
 Ozocubu's Refrigeration  Ice            2%         4d7       100%        7
 Spellforged Servitor     Conj/Summ      2%         N/A       100%        7
 Storm Form               Tmut/Air       6%         N/A       100%        7
 Summon Hydra             Summ           2%         N/A       100%        7
 Borgnjor's Revivificati  Necr           2%         N/A       100%        8
 Disjunction              Tloc           2%         N/A       100%        8
 Infestation              Necr           2%         N/A       100%        8
 Maxwell's Capacitive Co  Air            2%         ∞         100%        8
 Necromutation            Tmut/Necr      6%         N/A       100%        8
 Death's Door             Necr           2%         N/A       100%        9


Dungeon Overview and Level Annotations

Branches:
Dungeon (15/15)            Temple (1/1) D:5            Lair (5/5) D:9
 Shoals (4/4) Lair:3        Snake (4/4) Lair:2        Slime (0/5) Lair:5
    Orc (2/2) D:9             Elf (3/3) Orc:2        Vaults (5/5) D:14
  Crypt (0/3) Vaults:3     Depths (4/4) D:15            Zot (5/5) Depths:4
  IceCv (visited)         Volcano (visited)         Gauntlet (visited)

Altars:
Ashenzari
Cheibriados
Dithmenos
Fedhas
Gozag
Hepliaklqana
Kikubaaqudgha
Makhleb
Nemelex Xobeh
Okawaru
Qazlal
Ru
Sif Muna
Trog
Uskayaw
Vehumet
Wu Jian
Xom
Yredelemnul
Jiyva

Shops:
D:10 *   Orc:2 :([!*   Elf:2 (   Elf:3 *   Shoals:2 *   Snake:1 [
Snake:3 [([?[   Vaults:1 !   Vaults:2 (   Vaults:3 :   Vaults:5 [[

Portals:
Hell: Depths:1 Depths:2 Depths:3 Depths:4
Abyss: Depths:2 Depths:3
Pandemonium: Depths:2
Ziggurat: Depths:2

Annotations:
D:8 3 runed translucent doors, 13Fox's ghost, novice DsHu
Lair:3 exclusion: oklob plant
Lair:5 1 runed translucent door
Snake:1 2 transporters, Epnykkedd's ghost, adept OpVM
Elf:2 3 runed translucent doors
Depths:1 4 transporters
Zot:2 exclusion: 2 upstairs
Zot:3 exclusion: 2 upstairs
Zot:5 exclusion: 2 upstairs


Innate Abilities, Weirdness & Mutations

You are completely covered in icy blue scales. (AC +4, rC+)
You are powered by pain.
You are completely covered in sharp spines.
Your melee attacks may debilitate your foes.
Your hexes are more powerful.
You have a sharp stinger which inflicts weakening toxins.
You have large cloven feet.
You are dopey. (Int -2)
You are weak. (Str -2)
You have hidden genetic defects.


Message History

The small abomination is almost destroyed.
You block Gieh Josiyl's attack.
You block the small abomination's attack.
Unknown command.
The air is filled with shimmering golden clouds!
Sifu Ma Yunglu says: The storm will not cease as long as you keep fighting, disciple!
You can no longer summon a storm of heavenly clouds.
Gieh Josiyl is struck by your spines. Gieh Josiyl hits you.
You block the small abomination's attack.
Gieh Josiyl misses you.
Unknown command.
You spin and attack Gieh Josiyl repeatedly.
You slash Gieh Josiyl! You tail-slap Gieh Josiyl.
Gieh Josiyl looks weaker.
Gieh Josiyl is lightly wounded.
You barely miss Gieh Josiyl.
Gieh Josiyl is lightly wounded.
You block Gieh Josiyl's attack.
Unknown command.
Unknown command.
You spin and attack Gieh Josiyl.
You slice Gieh Josiyl!!
Your tail-slap misses Gieh Josiyl.
Gieh Josiyl is moderately wounded.
Gieh Josiyl hits you!
Unknown command.
You spin and attack the small abomination.
You slice the small abomination!!
You destroy the small abomination!
The Council accepts your kill.
Gieh Josiyl hits you but does no damage.
You see here a +2 scythe of freezing.
Gieh Josiyl attacks as you move away! You block Gieh Josiyl's attack.
Gieh Josiyl attacks as you move away! You block Gieh Josiyl's attack.
Gieh Josiyl closely misses you. Gieh Josiyl attacks as you move away!
You block Gieh Josiyl's attack. Gieh Josiyl gestures at you.
The ice devil blinks!
The ice devil attacks as you move away! You block the ice devil's attack.
There is a staircase leading out of the dungeon here.
You block the ice devil's attack.
You have escaped!

######################
♣≈≈≈≈≈≈≈≈≈≈≈≈≈≈≈≈≈≈≈≈≈
♣≈≈≈≈≈≈≈≈≈≈≈≈≈≈≈≈≈≈
♣≈≈≈~~~≈~~~~≈≈≈≈≈≈≈
♣♣♣♣).§☼§§§~~≈≈≈≈≈≈
♣§§☼§§§☼§☼..~≈≈≈≈≈
##########
♣§☼☼§§☼§§☼...~≈≈≈≈
..)..>...#
♣§4☼&§§☼☼§....~≈≈≈
########.#
♣@♣§☼§§☼♣☼P....~≈≈ ..#
##.##
♣♣♣♣☼§§§☼☼....~~≈≈ #.#
#...# ♣§P☼P♣§.....~≈≈
#.# #.#.#
######♣.....≈≈≈
#.#####.#.####
#P....~~≈≈
)..#....#....#
#.......≈≈
.....#######.#
#P.....~~≈
..##....#....#
#♣....~~≈≈
..#####.#.#.###
#♣....~~≈≈


You could see an ice devil.

Vanquished Creatures
  6 dread liches
  2 orbs of fire (Zot:5)
  3 juggernauts
  6 ancient liches
  Mara (Snake:4)
  Sojobo (Vaults:3)
  Bai Suzhen (Vaults:5)
  4 Killer Klowns
  Vashnia (Snake:3)
  Margery (Vaults:3)
  A curse toe (Zot:5)
  2 caustic shrikes
  Saint Roka (Snake:4)
  4 golden dragons
  Jory (Vaults:5)
  A bone dragon (Depths:4)
  Rupert (Orc:2)
  4 electric golems
  A Tzitzimitl (Zot:5)
  2 walking crystal tomes (Depths:3)
  29 Orb Guardians
  2 deep elf blademasters (Elf:3)
  4 tentacled monstrosities
  6 liches
  2 Hell Sentinels
  A walking divine tome (Depths:4)
  5 titans
  7 quicksilver dragons
  Frances (Snake:2)
  Polyphemus (Shoals:4)
  4 sphinxes
  An Executioner (D:1)
  A kraken (Shoals:1)
  5 death cobs
  9 shadow dragons
  12 storm dragons
  Donald (Orc:2)
  2 draconian monks
  6 nagarajas
  13 tengu reavers
  An iron dragon (Depths:1)
  10 fire giants
  14 vault wardens
  2 draconian knights (Zot:3)
  11 frost giants
  A balrug (Depths:2)
  A ghost moth (Zot:1)
  Aizul (Snake:4)
  Louise (Snake:4)
  4 deep elf elementalists (Elf:3)
  8 deep elf sorcerers
  18 ironbound preservers
  21 very ugly things
  3 draconian annihilators
  2 war gargoyles
  3 reapers
  19 stone giants
  The ghost of Muofodoe the Unseen, an adept SpHu of Hepliaklqana (Elf:3)
  3 vampire knights
  3 green draconians
  4 spriggan defenders
  6 ironbound thunderhulks
  4 black draconians
  10 deep elf annihilators
  2 deep elf demonologists
  2 lorocyprocas
  A minotaur (Gauntlet)
  4 white draconians
  9 dire elephants
  Snorg (D:14)
  3 purple draconians
  A minotaur (shapeshifter) (Vaults:5)
  10 deep elf death magi
  A spark wasp (Depths:2)
  A yellow draconian (Zot:3)
  5 red draconians
  14 ettins
  6 merfolk javelineers (Shoals:4)
  A crystal guardian (Vaults:4)
  11 deep elf high priests
  6 fire dragons
  8 merfolk impalers
  An entropy weaver (Vaults:5)
  An entropy weaver (shapeshifter) (D:14)
  Harold (D:9)
  Josephine (Lair:3)
  6 rakshasas
  A great orb of eyes (shapeshifter) (Vaults:5)
  13 ice dragons
  3 spriggan air magi (Depths:2)
  11 yaktaur captains
  A hell beast (Depths:3)
  7 great orbs of eyes
  A ghost crab (Gauntlet)
  30 vault guards
  5 hydras
  10 anacondas
  3 catoblepae
  5 peacekeepers
  5 salamander tyrants (Snake:4)
  7 ironbound frosthearts
  3 merfolk aquamancers (Shoals:4)
  Erica (D:10)
  6 boulder beetles
  21 centaur warriors
  4 merfolk avatars
  27 two-headed ogres
  An alligator snapping turtle (Shoals:3)
  2 naga warriors
  13 dancing weapons
  8 ogre magi
  2 satyrs (Shoals:3)
  27 death yaks
  14 naga sharpshooters
  4 hell hogs (D:1)
  7 deep troll earth magi
  An orc high priest (Elf:3)
  7 deep troll shamans
  8 tengu warriors
  3 spriggan berserkers
  Urug (D:10)
  6 shock serpents
  3 hell knights
  A spriggan (Depths:2)
  A skyshark (Lair:3)
  9 deep elf knights
  A skyshark (shapeshifter) (Vaults:5)
  A sixfirhy (Depths:2)
  2 salamander mystics
  3 glowing orange brains
  3 iron trolls (Depths:3)
  4 flayed ghosts
  A glowing orange brain (shapeshifter) (Depths:2)
  4 sea snakes
  54 deep trolls
  2 phantasmal warriors (Vaults:5)
  A naga ritualist (Snake:1)
  2 swamp dragons (shapeshifter) (Vaults:5)
  8 deep elf archers
  A golden dragon skeleton (Depths:1)
  24 ironbound convokers
  4 lindwurms
  Pikel (D:8)
  7 wizards
  25 harpies
  23 deep elf zephyrmancers
  5 orc knights
  An oklob plant (Gauntlet)
  7 mana vipers
  5 necromancers
  6 orc sorcerers
  A shadow dragon skeleton (Depths:1)
  9 salamanders
  24 deep elf pyromancers
  A cyclops (shapeshifter) (Vaults:5)
  8 cyclopes
  20 manticores
  32 ugly things
  A wolf spider (Vaults:5)
  10 fauns
  6 merfolk sirens
  9 water nymphs
  11 moths of wrath
  14 vault sentinels
  26 black mambas
  3 guardian serpents (Snake:4)
  13 naga magi
  17 elephants
  An apocalypse crab (Gauntlet)
  An ice statue (IceCv)
  A smoke demon (Depths:2)
  15 cane toads
  3 gargoyles
  A hellion (Depths:3)
  A cane toad (shapeshifter) (Vaults:5)
  3 unseen horrors
  2 efreet
  5 rime drakes
  8 komodo dragons
  35 yaktaurs
  8 freezing wraiths
  5 tengu conjurers
  A polar bear (Lair:5)
  A spriggan skeleton (Depths:1)
  15 merfolk
  A red devil (D:1)
  11 ice devils (IceCv)
  A meliai (D:11)
  A troll (shapeshifter) (D:13)
  A queen bee (shapeshifter) (D:14)
  8 trolls
  A tengu simulacrum (Depths:1)
  13 wind drakes
  6 hornets
  20 blink frogs
  6 snapping turtles
  7 slime creatures
  2 dream sheep (Shoals:2)
  9 air elementals
  3 vampires
  A spriggan (shapeshifter) (D:13)
  20 water elementals
  A shadow (D:11)
  9 wraiths
  A dire elephant simulacrum (IceCv)
  5 wyverns
  35 yaks
  4 basilisks
  A hog (shapeshifter) (D:14)
  7 fire bats (Volcano)
  A steam dragon (D:7)
  2 chaos spawn (Depths:2)
  A redback (shapeshifter) (Vaults:5)
  A neqoxec (Zot:5)
  6 fire elementals
  10 vampire mosquitoes
  3 death yak simulacra (IceCv)
  Edmund (D:4)
  5 harpy simulacra (IceCv)
  6 wargs
  7 acid dragons
  10 nagas
  A floating eye (shapeshifter) (Depths:3)
  A floating eye (Orc:1)
  5 water moccasins
  2 ice beasts
  19 orc warriors
  3 black bears
  2 meliai simulacra (D:11)
  2 elephant zombies (Lair:3)
  A glowing shapeshifter skeleton (Depths:1)
  24 ogres
  A tengu (shapeshifter) (D:14)
  10 centaurs
  A small abomination (D:1)
  41 wolves
  4 lemures (D:8)
  4 phantoms
  A kobold brigand (D:10)
  Blork the orc (D:6)
  9 bullfrogs
  2 gnoll sergeants
  5 cane toad simulacra (IceCv)
  2 earth elementals (Elf:1)
  3 wights (D:7)
  2 scorpions
  2 killer bees (D:11)
  4 electric eels
  3 elephant simulacra (IceCv)
  5 howler monkeys
  3 jellies (D:8)
  6 lava snakes (Volcano)
  4 hounds
  Crazy Yiuf (D:7)
  A gnoll bouda (D:6)
  2 basilisk zombies (Lair:3)
  11 orc priests
  2 sleepcaps (D:5)
  Jessica (D:3)
  6 iguanas
  18 orc wizards
  A spriggan simulacrum (IceCv)
  A troll simulacrum (IceCv)
  5 wolf simulacra (IceCv)
  4 polar bear simulacra (IceCv)
  8 adders
  6 gnolls
  2 shadow imps
  3 white imps
  5 ufetubi
  4 worms
  2 dart slugs
  81 orcs
  10 endoplasms
  4 giant cockroaches
  5 goblins
  5 hobgoblins
  9 jackals
  7 quokkas
  9 ball pythons
  5 bats
  2 frilled lizards (D:2)
  9 kobolds
  4 rats
  A butterfly (Lair:4)
  3 tentacles (Shoals:1)
1828 creatures vanquished.

Vanquished Creatures (others)
  A vault warden (Vaults:4)
  A yaktaur captain (Vaults:4)
  A deep elf archer (Elf:2)
  A yaktaur (Vaults:4)
  A howler monkey (D:11)
  2 orcs (Snake:4)
  2 demonic plants (Gauntlet)
  8 fungi
  35 plants
  A tentacle (Shoals:1)
53 creatures vanquished.

Grand Total: 1881 creatures vanquished

Notes
Turn   | Place    | Note
-------+----------+-------------------------------------------
     0 | D:1      | bakla the Demonspawn Brigand began the quest for the Orb.
     0 | D:1      | Reached XP level 1. HP: 16/16 MP: 1/1
   100 | D:1      | Reached skill level 1 in Dodging
   214 | D:1      | Gained mutation: You are partially covered in icy blue
                  | scales. (AC +2) [demonic ancestry]
   214 | D:1      | Reached XP level 2. HP: 22/22 MP: 2/2
   603 | D:1      | Reached XP level 3. HP: 28/28 MP: 3/3
  1263 | D:2      | Found a shadowy altar of Dithmenos.
  1426 | D:2      | Reached XP level 4. HP: 33/34 MP: 4/4
  2525 | D:3      | Noticed Jessica
  2544 | D:3      | HP: 1/34 [Jessica/puff of flame (11)]
  2551 | D:3      | Killed Jessica
  2555 | D:3      | Reached XP level 5. HP: 12/40 MP: 5/5
  3021 | D:4      | Noticed an ogre
  3124 | D:4      | Noticed Edmund
  3179 | D:4      | Killed Edmund
  3180 | D:4      | Reached XP level 6. HP: 8/47 MP: 6/6
  3796 | D:4      | Reached XP level 7. HP: 38/53 MP: 7/7
  3853 | D:4      | Reached skill level 5 in Stealth
  4221 | D:4      | Reached skill level 5 in Short Blades
  4410 | D:5      | Entered Level 5 of the Dungeon
  4609 | D:5      | Gained mutation: You have a small tail. [demonic ancestry]
  4609 | D:5      | Reached XP level 8. HP: 31/61 MP: 8/8
  4693 | D:5      | Found a staircase to the Ecumenical Temple.
  4704 | Temple   | Entered the Ecumenical Temple
  5173 | D:5      | Found a hide-covered altar of Uskayaw.
  5490 | D:6      | Noticed a boulder beetle
  5515 | D:5      | Killed a boulder beetle
  5516 | D:5      | Reached skill level 5 in Fighting
  6041 | D:5      | Gained mutation: You are mostly covered in icy blue scales.
                  | (AC +3) [demonic ancestry]
  6041 | D:5      | Reached XP level 9. HP: 57/68 MP: 9/9
  6590 | D:6      | Reached skill level 5 in Dodging
  6692 | D:6      | Noticed Blork the orc
  6707 | D:6      | Killed Blork the orc
  8528 | D:7      | Found an opulent altar of Gozag.
  8528 | D:7      | Found an ornate altar of the Wu Jian Council.
  8530 | D:7      | Found a basalt altar of Yredelemnul.
  8530 | D:7      | Found a shadowy altar of Dithmenos.
  8536 | D:7      | Became a worshipper of the Wu Jian Council
  8634 | D:7      | Found a runed translucent door.
  8635 | D:7      | Noticed Crazy Yiuf
  8650 | D:7      | Killed Crazy Yiuf
  9113 | D:8      | Gained mutation: You sometimes gain a little power by
                  | taking damage. [demonic ancestry]
  9113 | D:8      | Reached XP level 10. HP: 77/77 MP: 10/10
  9146 | D:8      | Found a runed translucent gate.
  9146 | D:8      | Found a runed translucent gate.
  9146 | D:8      | Found a runed translucent gate.
  9171 | D:8      | Noticed 13Fox's ghost (novice DsHu)
  9477 | D:8      | Noticed Pikel
  9826 | D:8      | Killed Pikel
 10064 | D:9      | Noticed a two-headed ogre
 10081 | D:9      | Killed a two-headed ogre
 10163 | D:9      | Reached * piety under Wu Jian
 10228 | D:9      | Noticed a two-headed ogre
 10255 | D:9      | Killed a two-headed ogre
 10328 | D:9      | Noticed a death yak
 10329 | D:9      | Noticed a death yak
 10334 | D:9      | Noticed a death yak
 10335 | D:9      | Noticed a death yak
 10340 | D:9      | Noticed a death yak
 10342 | D:9      | Killed a death yak
 10343 | D:9      | Reached skill level 10 in Short Blades
 10343 | D:9      | Found a staircase to the Lair.
 10347 | D:9      | Killed a death yak
 10348 | D:9      | Gained mutation: You have a tail ending in a sharp stinger.
                  | [demonic ancestry]
 10348 | D:9      | Reached XP level 11. HP: 86/86 MP: 11/11
 10353 | D:9      | Killed a death yak
 10353 | D:9      | Killed a death yak
 10358 | D:9      | Killed a death yak
 10535 | D:9      | Noticed Harold
 10543 | D:9      | Killed Harold
 10651 | D:9      | Found a staircase to the Orcish Mines.
 10684 | D:10     | Entered Level 10 of the Dungeon
 10684 | D:10     | Found the +8 demon blade "Leech" {evervamp, Harm Drain rN+}
 11103 | D:10     | Reached ** piety under Wu Jian
 11155 | D:10     | Identified the +10 long sword "Sureg" {drain, Fragile rN+
                  | SInv}
 11196 | D:10     | Found Xiecwofu's Fire Supplies.
 11345 | D:10     | Noticed Urug
 11383 | D:10     | Killed Urug
 11412 | D:10     | Noticed Erica
 11421 | D:10     | Killed Erica
 11422 | D:10     | Reached skill level 10 in Stealth
 11802 | D:11     | Noticed a boulder beetle
 11945 | D:11     | Noticed a wizard
 11954 | D:10     | Killed a boulder beetle
 11955 | D:10     | Reached skill level 10 in Fighting
 11955 | D:10     | Reached skill level 1 in Long Blades
 12206 | D:11     | Gained mutation: You are partially covered in sharp spines.
                  | [demonic ancestry]
 12206 | D:11     | Reached XP level 12. HP: 89/97 MP: 12/12
 12302 | D:11     | Identified the staff of cold "Qeiv" {Fragile rC+ Dex+4}
 12303 | D:11     | Noticed a two-headed ogre
 12356 | D:11     | Killed a two-headed ogre
 12430 | D:11     | Noticed a two-headed ogre
 12431 | D:11     | Noticed a tengu warrior
 12441 | D:11     | Killed a two-headed ogre
 12446 | D:11     | Killed a tengu warrior
 12479 | D:11     | Noticed an ice dragon
 12515 | D:11     | Killed an ice dragon
 12624 | D:11     | Identified the +3 ring mail of Lucuph {*Corrode Will- Int+8
                  | Slay+5}
 13149 | Lair:1   | Entered Level 1 of the Lair of Beasts
 13180 | Lair:1   | Reached skill level 5 in Long Blades
 13238 | Lair:1   | Reached *** piety under Wu Jian
 13457 | Lair:1   | Found a broken altar of Ashenzari.
 13620 | Lair:1   | Reached skill level 10 in Dodging
 13770 | Lair:1   | Got Sif Muna's Reference Book on the Evil Crevasse
 13935 | Lair:2   | Noticed a death yak
 13942 | Lair:2   | Noticed a catoblepas
 13943 | Lair:2   | Reached XP level 13. HP: 97/106 MP: 13/13
 13952 | Lair:2   | Reached **** piety under Wu Jian
 14006 | Lair:2   | Identified the +1 cloak of Xiulo {Fly Dex+4}
 14037 | Lair:2   | Found a staircase to the Snake Pit.
 15486 | Lair:3   | Found a staircase to the Shoals.
 15830 | Lair:3   | Noticed Josephine
 15860 | Lair:3   | Killed Josephine
 16350 | Lair:4   | Reached skill level 10 in Long Blades
 16377 | Lair:4   | Gained mutation: You are mostly covered in sharp spines.
                  | [demonic ancestry]
 16377 | Lair:4   | Reached XP level 14. HP: 112/116 MP: 14/14
 16615 | Lair:4   | Identified the +0 cloak of Vlad {Contam rCorr Dex+4}
 17008 | Lair:5   | Entered Level 5 of the Lair of Beasts
 17033 | Lair:5   | Reached ***** piety under Wu Jian
 17758 | Lair:5   | Found a runed translucent door.
 17759 | Lair:5   | Found a viscous altar of Jiyva.
 17759 | Lair:5   | Noticed an azure jelly
 17759 | Lair:5   | Noticed an azure jelly
 17761 | Lair:5   | Found a staircase to the Slime Pits.
 18329 | D:11     | Found an ornate altar of the Wu Jian Council.
 18405 | D:11     | Got the Atlas of the Shapeshifter
 18769 | D:12     | Found a gate leading to a gauntlet.
 18790 | Gauntlet | Entered a Gauntlet
 18790 | Gauntlet | Found a transporter.
 18790 | Gauntlet | Found a transporter.
 18790 | Gauntlet | Found a transporter.
 18794 | Gauntlet | Found a transporter.
 18794 | Gauntlet | Found a transporter.
 18794 | Gauntlet | Found a transporter.
 18804 | Gauntlet | Found a transporter.
 18805 | Gauntlet | Noticed a quicksilver ooze
 18808 | Gauntlet | Found a transporter.
 18824 | Gauntlet | Found a transporter.
 18825 | Gauntlet | Found a transporter.
 18843 | Gauntlet | Found a transporter.
 18847 | Gauntlet | Found a transporter.
 19030 | Gauntlet | Paralysed by you for 4 turns
 19140 | Gauntlet | Reached XP level 15. HP: 114/124 MP: 15/15
 19144 | Gauntlet | Identified the +1 robe of Urosij {rF+ Str+3}
 19361 | D:10     | Bought the +8 fire dragon scales "Meuh Cog" {rF++ rC- rCorr
                  | Dex+5} for 1388 gold pieces
 20105 | D:13     | Reached skill level 1 in Shields
 20959 | D:14     | Found a gate to the Vaults.
 21151 | D:14     | Noticed Snorg
 21160 | D:14     | Killed Snorg
 21299 | D:15     | Entered Level 15 of the Dungeon
 21518 | D:15     | Found a staircase to the Depths.
 22273 | Orc:1    | Entered Level 1 of the Orcish Mines
 22303 | Orc:1    | Found a frozen archway.
 22322 | IceCv    | Entered an ice cave
 22327 | IceCv    | Reached skill level 1 in Armour
 22347 | IceCv    | Reached ****** piety under Wu Jian
 22455 | IceCv    | Found an ancient bone altar of Kikubaaqudgha.
 22870 | Orc:2    | Entered Level 2 of the Orcish Mines
 22881 | Orc:2    | Noticed Rupert
 22892 | Orc:2    | Killed Rupert
 22925 | Orc:2    | Noticed Donald
 22933 | Orc:2    | Killed Donald
 22950 | Orc:2    | Reached skill level 15 in Fighting
 22962 | Orc:2    | Reached XP level 16. HP: 136/136 MP: 16/16
 22971 | Orc:2    | Reached skill level 5 in Armour
 22990 | Orc:2    | Found a dark tunnel.
 23015 | Volcano  | Entered a volcano
 23121 | Volcano  | Found a burning altar of Makhleb.
 23190 | Volcano  | Found a burning altar of Makhleb.
 23347 | Orc:2    | Found Itaoner's Antique Weapon Emporium.
 23347 | Orc:2    | Found Bion's Distillery.
 23348 | Orc:2    | Found Bisuomiu's Book Boutique.
 23348 | Orc:2    | Found Alauk's Armour Emporium.
 23513 | Orc:2    | Found Niwkiy Fiqim's General Store.
 23521 | Orc:2    | Bought a scroll of blinking for 120 gold pieces
 23564 | Orc:2    | Found a staircase to the Elven Halls.
 24062 | Shoals:1 | Entered Level 1 of the Shoals
 24191 | Shoals:1 | Noticed a kraken
 24204 | Shoals:1 | Killed a kraken
 24434 | Shoals:1 | Identified the +8 flail of the Holding Wasp {holy, Fragile
                  | rN++}
 24777 | Shoals:2 | Found Lipn's Overcharged Wands.
 24783 | Shoals:2 | Reached skill level 15 in Dodging
 25647 | Shoals:3 | Reached skill level 10 in Armour
 25908 | Shoals:3 | Gained mutation: You are completely covered in sharp
                  | spines. [demonic ancestry]
 25908 | Shoals:3 | Reached XP level 17. HP: 133/142 MP: 17/17
 26338 | Shoals:4 | Entered Level 4 of the Shoals
 26338 | Shoals:4 | Found a stormy altar of Qazlal.
 26376 | Shoals:4 | Paralysed by an air elemental for 1 turns
 26396 | Shoals:4 | Noticed a titan
 26405 | Shoals:4 | Killed a titan
 26464 | Shoals:4 | Got the Book of Summoned Battle Magic
 26466 | Shoals:4 | Got the Tome of Allies and Causimancy
 26468 | Shoals:4 | Got a barnacled rune of Zot
 26497 | Shoals:4 | Identified the +6 hand axe of Horogam {protect, *Rage rElec
                  | rC+++ Int+6}
 26571 | Shoals:4 | Found an ancient bone altar of Kikubaaqudgha.
 26610 | Shoals:4 | Noticed Polyphemus
 26622 | Shoals:4 | Killed Polyphemus
 26645 | Shoals:4 | Paralysed by an air elemental for 1 turns
 26661 | Shoals:4 | Found a blossoming altar of Fedhas.
 26673 | Shoals:4 | Paralysed by an air elemental for 1 turns
 27205 | Orc:2    | Bought a manual of Dodging for 880 gold pieces
 28047 | Snake:1  | Entered Level 1 of the Snake Pit
 28047 | Snake:1  | Found a transporter.
 28051 | Snake:1  | Noticed Epnykkedd's ghost (adept OpVM)
 28060 | Snake:1  | Found a transporter.
 28221 | Snake:1  | Found an ancient bone altar of Kikubaaqudgha.
 28380 | Snake:1  | Found Beuttiucec's Armour Shop.
 28646 | Snake:1  | Found a shadowy altar of Dithmenos.
 29028 | Snake:1  | Identified the +4 ring mail "Tagak" {Will+ Int+2}
 29793 | Snake:2  | Noticed Frances
 29804 | Snake:2  | Killed Frances
 30337 | Snake:3  | Gained mutation: You have a sharp stinger which inflicts
                  | weakening toxins. [demonic ancestry]
 30337 | Snake:3  | Reached XP level 18. HP: 154/155 MP: 13/18
 30580 | Snake:3  | Found Xikiad's Antique Armour Shoppe.
 30627 | Snake:3  | Bought a pair of slimy gloves for 294 gold pieces
 30627 | Snake:3  | Identified the +1 pair of gloves "Sachawnirua" {-Tele Harm
                  | Rampage +Inv} (You bought it in a shop on level 3 of the
                  | Snake Pit)
 30806 | Snake:3  | Identified the +1 dire flail "Edoampu" {protect, rC- Will+
                  | Int+5}
 30825 | Snake:3  | Found Loel's Weapon Emporium.
 30830 | Snake:3  | Found Ituaka's Magic Scroll Shoppe.
 30830 | Snake:3  | Found Dihou's Armour Emporium.
 30835 | Snake:3  | Found Jumerafit's Antique Armour Shoppe.
 31170 | Snake:3  | Noticed Vashnia
 31181 | Snake:3  | Killed Vashnia
 31625 | Snake:4  | Entered Level 4 of the Snake Pit
 31666 | Snake:4  | Noticed Louise
 31669 | Snake:4  | Noticed Saint Roka
 31673 | Snake:4  | Noticed Aizul
 31678 | Snake:4  | Killed Saint Roka
 31679 | Snake:4  | Reached skill level 5 in Shields
 31683 | Snake:4  | Killed Aizul
 31690 | Snake:4  | Killed Louise
 31832 | Snake:4  | Noticed Mara
 31834 | Snake:4  | Noticed bakla's illusion
 31994 | Snake:4  | Killed Mara
 32424 | Snake:4  | Got a serpentine rune of Zot
 32803 | Elf:1    | Entered Level 1 of the Elven Halls
 33225 | Elf:1    | Got the Book of Blows
 33424 | Elf:1    | Found a portal to a secret trove of treasure.
 33428 | Elf:1    | You paid a toll of 18 potions of curing to enter a treasure
                  | trove
 33429 | Trove    | Entered a treasure trove
 33432 | Trove    | Found the +3 pair of gauntlets of War {Slay+5}
 33458 | Trove    | Identified the +2 helmet of Inevitability {rPois Will+
                  | Str-4}
 33469 | Trove    | Identified the +1 pair of gloves of Toothy the Good {-Tele
                  | Rampage Will+ Int+3}
 33471 | Trove    | Identified the +0 kite shield of Juuruj {Will+ SInv}
 33590 | Elf:1    | Paralysed by an air elemental for 1 turns
 33839 | Elf:2    | Found Ytaruote's Antique Weapon Shoppe.
 33967 | Elf:2    | Gained mutation: You sometimes gain power by taking damage.
                  | [demonic ancestry]
 33967 | Elf:2    | Reached XP level 19. HP: 166/166 MP: 19/19
 34200 | Elf:2    | Found a runed translucent gate.
 34200 | Elf:2    | Found a runed translucent gate.
 34200 | Elf:2    | Found a runed translucent gate.
 34456 | Elf:3    | Entered Level 3 of the Elven Halls
 34745 | Elf:3    | Found a runed translucent door.
 34745 | Elf:3    | Noticed Muofodoe's ghost (adept SpHu)
 34772 | Elf:3    | Killed Muofodoe's ghost
 34978 | Elf:3    | Found Gingac's General Store.
 35078 | Elf:3    | Reached skill level 15 in Armour
 35134 | Elf:3    | Found the +8 storm bow {elec, penet}
 35135 | Elf:3    | Found the +7 sceptre of Torment {pain, torment}
 35227 | Elf:3    | Identified the ring of Makhleb's Favour {rC+ Int+3 Stlth+}
 35242 | Elf:3    | Identified the staff of earth "Plog" {rC+}
 35248 | Elf:3    | Identified the staff of conjuration "Dukk" {rElec rC+ rCorr
                  | MP-9}
 35252 | Elf:3    | Got Oqoez's Compilation of Virulent Transition
 35255 | Elf:3    | Identified the +0 pair of boots of Sytegol {Dex+4}
 35279 | Elf:3    | Identified the +4 ring mail of Makhleb's Indignation
                  | {Str+4}
 35282 | Elf:3    | Identified the +2 pair of gloves "Turres" {Will++ Str+3
                  | Slay-2}
 35309 | Elf:3    | Identified the ring "Dittav" {rF+ Will+}
 35329 | Elf:3    | Identified the +1 chain mail "Dessank" {Rampage Str+3
                  | Slay+3 Stlth+}
 35342 | Elf:3    | Identified the +5 mace of the Sage {heavy, Int+2}
 35369 | Elf:3    | Identified the +10 plate armour of Watchfulness {-Tele rN+
                  | Will+ Dex+7}
 35370 | Elf:3    | Identified the +1 falchion "Beastslayer" {flame, rF+}
 35690 | Vaults:1 | Entered Level 1 of the Vaults
 35849 | Vaults:1 | Reached skill level 1 in Invocations
 35859 | Vaults:1 | Reached skill level 2 in Invocations
 36042 | Vaults:1 | Reached skill level 3 in Invocations
 36337 | Vaults:1 | Reached skill level 10 in Shields
 36413 | Vaults:1 | Reached skill level 4 in Invocations
 36594 | Vaults:1 | Found Vagap's Distillery.
 36602 | Vaults:1 | Bought a potion of haste for 120 gold pieces
 36602 | Vaults:1 | Bought a potion of might for 48 gold pieces
 36693 | Vaults:1 | Reached skill level 5 in Invocations
 36941 | Vaults:2 | Gained mutation: Your hexes are more powerful. [demonic
                  | ancestry]
 36941 | Vaults:2 | Reached XP level 20. HP: 174/174 MP: 23/23
 37037 | Vaults:2 | Reached skill level 6 in Invocations
 37265 | Vaults:2 | Found Luwoydea's Antique Weapon Shop.
 37306 | Vaults:2 | Reached skill level 7 in Invocations
 37746 | Vaults:2 | Reached skill level 8 in Invocations
 38183 | Vaults:3 | Found Loemm's Book Emporium.
 38308 | Vaults:3 | Reached skill level 9 in Invocations
 38332 | Vaults:3 | Noticed Sojobo
 38343 | Vaults:3 | Killed Sojobo
 38550 | Vaults:3 | Found a staircase to the Crypt.
 38610 | Vaults:3 | Reached skill level 10 in Invocations
 38766 | Vaults:3 | Noticed Margery
 38769 | Vaults:3 | Killed Margery
 38836 | Vaults:3 | Reached skill level 11 in Invocations
 38943 | Vaults:3 | Reached XP level 21. HP: 181/181 MP: 29/29
 38969 | Vaults:3 | Found the +3 hat of Pondering {ponderous, Will+ MP+10
                  | Int+5}
 39403 | Vaults:4 | Reached skill level 12 in Invocations
 39696 | Vaults:4 | Reached skill level 13 in Invocations
 40117 | Vaults:4 | Reached skill level 15 in Shields
 40256 | Vaults:5 | Entered Level 5 of the Vaults
 40256 | Vaults:5 | Noticed a dread lich
 40264 | Vaults:5 | Killed a dread lich
 40264 | Vaults:5 | Reached skill level 14 in Invocations
 40282 | Vaults:5 | Reached skill level 15 in Invocations
 40305 | Vaults:5 | Reached skill level 16 in Invocations
 40337 | Vaults:5 | Reached skill level 17 in Invocations
 40359 | Vaults:5 | Reached skill level 18 in Invocations
 40359 | Vaults:5 | Noticed an ancient lich
 40360 | Vaults:5 | Noticed an ancient lich
 40364 | Vaults:5 | Killed an ancient lich
 40369 | Vaults:5 | Gained mutation: You are powered by pain. [demonic
                  | ancestry]
 40369 | Vaults:5 | Reached XP level 22. HP: 188/188 MP: 19/35
 40371 | Vaults:5 | Killed an ancient lich
 40372 | Vaults:5 | Reached skill level 19 in Invocations
 40460 | Vaults:5 | Reached skill level 20 in Invocations
 40460 | Vaults:5 | Identified the amulet "Mehelol" {+Inv Will+ Regen+ Dex-5}
 40460 | Vaults:5 | Noticed Jory
 40464 | Vaults:5 | Reached skill level 1 in Evocations
 40465 | Vaults:5 | Killed Jory
 40496 | Vaults:5 | Noticed Bai Suzhen
 40504 | Vaults:5 | Killed Bai Suzhen
 40538 | Vaults:5 | Noticed an ancient lich
 40541 | Vaults:5 | Found Beacaty's Antique Armour Boutique.
 40547 | Vaults:5 | Killed an ancient lich
 40548 | Vaults:5 | Reached skill level 5 in Evocations
 40645 | Vaults:5 | Noticed a dread lich
 40650 | Vaults:5 | Killed a dread lich
 40773 | Vaults:5 | Identified the staff of air "Iliweliu" {Drain rElec rPois
                  | rF- rN+++}
 40823 | Vaults:5 | Got the Quarto of Scorching Shapes
 40827 | Vaults:5 | Learned a level 2 spell: Wereblood
 40831 | Vaults:5 | Got a silver rune of Zot
 40849 | Vaults:5 | Identified the staff of poison "Xugerro" {Fragile rElec
                  | rPois Int+4}
 40968 | Vaults:5 | Found Yckazere's Antique Armour Emporium.
 40968 | Vaults:5 | Identified a scroll of acquirement
 40973 | Vaults:5 | Bought a pair of crude boots for 285 gold pieces
 40973 | Vaults:5 | Identified the +0 pair of boots of Kikubaaqudgha's Esteem
                  | {Harm} (You bought it in a shop on level 5 of the Vaults)
 40976 | Vaults:5 | Acquired 721 gold pieces
 41690 | Depths:1 | Entered Level 1 of the Depths
 41731 | Depths:1 | Reached skill level 1 in Spellcasting
 41731 | Depths:1 | Reached skill level 1 in Transmutations
 41762 | Depths:1 | Found a transporter.
 41783 | Depths:1 | Found a transporter.
 41784 | Depths:1 | Found a transporter.
 41827 | Depths:1 | Found a shimmering blue altar of Sif Muna.
 42043 | Depths:1 | Found a transporter.
 42407 | Depths:1 | Found a gateway to Hell.
 42625 | Depths:2 | Identified the +7 trident of Otaen {heavy, rN+ Dex+6}
 42769 | Depths:2 | Found a snail-covered altar of Cheibriados.
 42794 | Depths:2 | Found a one-way gateway to a ziggurat.
 42948 | Depths:2 | Found a one-way gate leading to the halls of Pandemonium.
 42951 | Depths:2 | Gained mutation: You are completely covered in icy blue
                  | scales. (AC +4, rC+) [demonic ancestry]
 42951 | Depths:2 | Reached XP level 23. HP: 194/194 MP: 37/37
 43090 | Depths:2 | Reached skill level 5 in Spellcasting
 43092 | Depths:2 | Reached skill level 5 in Transmutations
 43113 | Depths:2 | Found a one-way gate to the infinite horrors of the Abyss.
 43128 | Depths:2 | Reached skill level 10 in Evocations
 43219 | Depths:2 | Noticed a juggernaut
 43219 | Depths:2 | Noticed a caustic shrike
 43223 | Depths:2 | Killed a caustic shrike
 43223 | Depths:2 | Noticed a juggernaut
 43225 | Depths:2 | Killed a juggernaut
 43243 | Depths:2 | Identified the staff of conjuration "Unaryegupn" {Dex+3}
 43244 | Depths:2 | Identified the +1 arbalest "Voisue" {antimagic, rElec rPois
                  | rCorr Dex-4}
 43306 | Depths:2 | Killed a juggernaut
 43684 | Depths:3 | Paralysed by a floating eye for 2 turns
 43694 | Depths:3 | Found an iron altar of Okawaru.
 43815 | Depths:3 | Noticed a caustic shrike
 43819 | Depths:3 | Killed a caustic shrike
 43862 | Depths:3 | Identified the ring of Gin and Tonic {Fire Will+ Int+3
                  | Dex+4}
 43875 | Depths:3 | Identified the +2 spear of Liskac {heavy, Str+2}
 43915 | Depths:3 | Noticed a juggernaut
 43924 | Depths:3 | Killed a juggernaut
 44890 | Depths:4 | Entered Level 4 of the Depths
 45316 | Depths:4 | Found a broken altar of Ashenzari.
 45449 | Depths:4 | Found a gate to the Realm of Zot.
 45528 | Depths:4 | Reached skill level 15 in Evocations
 45840 | Zot:1    | Entered Level 1 of the Realm of Zot
 46257 | Zot:3    | Gained mutation: Your melee attacks may debilitate your
                  | foes. [demonic ancestry]
 46257 | Zot:3    | Reached XP level 24. HP: 197/203 MP: 35/37
 46421 | Zot:3    | Noticed a Killer Klown
 46425 | Zot:3    | Noticed a Killer Klown
 46440 | Zot:3    | Killed a Killer Klown
 46449 | Zot:3    | Killed a Killer Klown
 46581 | Zot:5    | Entered Level 5 of the Realm of Zot
 46843 | Zot:5    | Noticed a dread lich
 46843 | Zot:5    | Noticed a Killer Klown
 46844 | Zot:5    | Noticed a dread lich
 46851 | Zot:5    | Killed a dread lich
 46851 | Zot:5    | Killed a Killer Klown
 46852 | Zot:5    | Noticed an orb of fire
 46855 | Zot:5    | Killed a dread lich
 46857 | Zot:5    | Gained mutation: You are weak. (Str -2) [an orb of fire]
 46858 | Zot:5    | Killed an orb of fire
 46893 | Zot:5    | Noticed a dread lich
 46894 | Zot:5    | Noticed a Killer Klown
 46894 | Zot:5    | Noticed an ancient lich
 46894 | Zot:5    | Noticed an orb of fire
 46896 | Zot:5    | Gained mutation: You have hidden genetic defects. [an orb
                  | of fire]
 46897 | Zot:5    | Killed an orb of fire
 46898 | Zot:5    | Noticed an ancient lich
 46899 | Zot:5    | Killed a dread lich
 46902 | Zot:5    | Killed an ancient lich
 46908 | Zot:5    | Killed an ancient lich
 46917 | Zot:5    | Noticed an ancient lich
 46924 | Zot:5    | Noticed a dread lich
 46924 | Zot:5    | Killed an ancient lich
 46932 | Zot:5    | Killed a dread lich
 46935 | Zot:5    | Killed a Killer Klown
 46938 | Zot:5    | Gained mutation: You are dopey. (Int -2) [hidden defects]
 47267 | Zot:5    | Got the Orb of Zot
 47406 | Zot:2    | Reached XP level 25. HP: 210/210 MP: 37/37
 47607 | Depths:1 | Noticed a seraph
 47745 | D:10     | Gained mutation: You have large cloven feet. [a cacodemon]
 48069 | D:1      | Noticed Gieh Josiyl the pandemonium lord
 48083 | D:$      | Escaped with the Orb!

Illustrated notes

Levels and vault maps discovered:
D:1:      kennysheep_arrival_seaside, layout_loops_ring
D:2:      minmay_general_purpose_star, layout_loops_ring, basic_altar,
          minivault_14
D:3:      layout_basic, kennysheep_jessica_study
D:4:      layout_rooms, st_stairs_4, uniq_edmund
D:5:      layout_loops_ring, nicolae_uskayaw_suspiria, temple_fountains
D:6:      layout_gridville, uniq_blork_the_orc
D:7:      layout_loops_ring, mainiacjoe_overflow_alcove_3,
          uniq_crazy_yiuf_cottage
D:8:      layout_gridville, gammafunk_ghost_icy, grunt_decor_resistance,
          corner_web_ring, uniq_pikel
D:9:      layout_rooms, dpeg_lair_monsters, orc_0_dummy, uniq_harold
D:10:     layout_loops_cross, minmay_door_square, dreamdust_deal_with_the_devil,
          nicolae_shop_fire_sale [nicolae_sub_dead_trees], uniq_erica, uniq_urug
D:11:     minmay_the_grid_octo_2x2 [minmay_the_grid_octo_horde,
          minmay_the_grid_octo_concentric, minmay_the_grid_octo_vomiting_pacman,
          minmay_the_grid_octo_prize_star], layout_basic,
          lightli_fourway_metalbox
D:12:     layout_basic, gauntlet_entry_generic
D:13:     layout_big_octagon
D:14:     layout_loops_ring, david_vaults_2, minmay_misc_feat_enclosed,
          uniq_snorg
D:15:     grunt_enter_depths_giant_problem, layout_basic,
          grunt_decor_mini_mirrors
Temple:   minmay_crystal_spiral_temple
Lair:1:   layout_cave_pods, basic_altar, serial_bayou_shore_a, lemuel_fruit_tree
Lair:2:   layout_cave_pods, guppyfry_snake_entry_garden,
          nicolae_quartered_pool_super, grunt_forest_large_clearings
Lair:3:   pond_and_an_island_with_a_cottage, layout_small_grid,
          nicolae_shoals_entry_roost, hangedman_lair_unloving_vines,
          serial_bayou_shore_b, uniq_josephine
Lair:4:   layout_cellular_growth, beast_lair_carwin_7, grunt_megastairs_1,
          lemuel_fruit_fields, infiniplex_staircase_pool
Lair:5:   grunt_lair_end_beastmaster, layout_hall_layers, slime_entry_2,
          grunt_megastairs_3, infiniplex_staircase_pool_2
Shoals:1: layout_shoals, kb_tengu_band
Shoals:2: layout_shoals, nicolae_shop_overcharged_wands
Shoals:3: layout_shoals
Shoals:4: shoals_end_hellmonk_storm_palace [storm_palace_center_square,
          storm_palace_corner_altar, storm_palace_corner_altar,
          storm_palace_corner_reverse_hut, storm_palace_corner_altar],
          uniq_polyphemus
Snake:1:  layout_chambers, serial_shops, shop, gammafunk_ghost_arena,
          hangedman_feature_mirror, serial_bayou_shore_b
Snake:2:  layout_gridlike, uniq_frances
Snake:3:  layout_cave_town, serial_shops, shop, grunt_megastairs_5,
          minmay_shoptagon, uniq_vashnia
Snake:4:  hellmonk_snake_rune_quicksilver_temple, layout_onion_interference,
          uniq_aizul, uniq_saint_roka, uniq_louise, uniq_mara
Orc:1:    hellmonk_paralyzer, layout_caves, portal_ice_cave_rime
Orc:2:    st_orc_ogre_mass, layout_diamond_mine, nicolae_volcano_entry_hallway,
          serial_shops, shop, mines2_david, uniq_rupert, uniq_donald
Elf:1:    layout_gridlike, enter_trove_5, minmay_elf_annihilation
Elf:2:    nicolae_elf_blades_splatter_lattice [nooodl_blade_entry_preview],
          layout_geoelf_grid, serial_shops, nicolae_shop_window_shopping,
          patterned_corridor, uniq_jorgrun
Elf:3:    minmay_elf_hall_x, layout_gridlike, serial_shops, shop,
          hellmonk_ghost_happy_afterlife, serial_sigils_hangedman_carve,
          nicolae_elf_big_sculpture_2, lemuel_flame_loot_1
Vaults:1: nicolae_vaults_mitosis, nicolae_vaults_storage_closets_3,
          nicolae_vaults_tangram_1, nicolae_vaults_closet_pinwheel_3,
          nicolae_vaults_diamond_2, st_cells, v_misc_4, dpeg_vaults_monster_box,
          vaults_room_grunt_arrival_ludios, layout_vaults_quadrants,
          serial_shops, nicolae_shop_industrial_runoff
Vaults:2: hangedman_vaults_river_flow, ontoclasm_vaults_spin, v_misc_26,
          nicolae_vaults_network_barrier, hangedman_vaults_variations,
          hangedman_vaults_maws, vaults_room_pools, vaults_dpeg_ring,
          vaults_dpeg_hooks, nicolae_vaults_tetromino_T_1,
          nicolae_vaults_tetromino_Z_1, layout_vaults_chaotic_city,
          serial_shops, nicolae_lakefront_shop
Vaults:3: ontoclasm_vaults_hangar, nicolae_vaults_closet_pinwheel_1,
          minmay_crypt_entry_nasty_monster, nicolae_vaults_stairing_the_circle,
          nicolae_vaults_stepped_doors, vaults_dpeg_spiral,
          nicolae_vaults_storage_room_statues, nicolae_vaults_alarming,
          nicolae_vaults_circle_grid_a, nicolae_vaults_thirteen_compartments,
          v_misc_26, nicolae_vaults_little_squares_4, nicolae_vaults_house_2,
          grunt_vaults_focal, nicolae_vaults_sealed_display,
          nicolae_vaults_tetromino_L_1, layout_vaults_ring, serial_shops,
          nicolae_book_shop_shelving, uniq_margery, uniq_sojobo
Vaults:4: nicolae_vaults_display_case, nicolae_vaults_offset_grid_hallway_4,
          nicolae_vaults_layer_cake_slice, hangedman_vaults_cutoff,
          nicolae_vaults_sightless_eye, vaults_room_ringed_pool,
          nicolae_vaults_double_plus_2, vaults_dpeg_diagonal,
          hangedman_vaults_nails, v_alt_pattern_6,
          nicolae_vaults_hallways_thing, nicolae_vaults_tangram_2,
          layout_vaults_omnibox
Vaults:5: uniq_jory, uniq_bai_suzhen
Depths:1: layout_twisted_cross, grunt_hell_entry_dis_old, lemuel_crystal_altar,
          nicolae_diode_quadrants, grunt_megastairs_2
Depths:2: minmay_nested_s, layout_basic, enter_ziggurat_d, abyss_entry,
          pf_dread_powers_of_hell, rand_demon_pan_entry_8,
          minmay_curled_crystal, amcnicky_mini_rare_corridor_liquid,
          cheibriados_altar_1
Depths:3: cheibrodos_leafed_vault, layout_basic, abyss_entry,
          chequers_serial_rivers_micro_a, hell_entry,
          kennysheep_okawaru_gauntlet
Depths:4: grunt_x_marks_the_spot, layout_honeycomb, hell_entry,
          nicolae_ashenzari_skybound, corexii_hall_statues_u
Zot:1:    layout_basic, ebering_ghost_inner_flame, uniq_parghit
Zot:2:    layout_cathedral_of_symmetry, gammafunk_ghost_abyssal_escape,
          uniq_tiamat, uniq_grunn
Zot:3:    layout_onion, grunt_ministairs_10
Zot:4:    evilmike_crystal_ball_defense, layout_basic, lemuel_elevator
Zot:5:    layout_misc_corridors

Skill      XL: |  1  2  3  4  5  6  7  8  9 10 11 12 13 14 15 16 17 18 19 20 21 22 23 24 25 |
---------------+----------------------------------------------------------------------------+-----
Dodging        | 1 2 3 4 5 7 9 10 11 12 13 15 16 17 18 19 | 19.9
Short Blades   | 2 3 4 5 7 8 10 | 10.0
Stealth        | 4 5 6 7 8 10 | 10.0
Fighting       | 3 4 5 6 8 10 11 12 13 15 17 19 | 19.9
Long Blades    | 1 7 10 12 | 12.6
Shields        | 4 6 10 14 15 16 17 | 17.1
Armour         | 4 10 13 14 15 16 17 | 17.1
Invocations    | 5 11 18 20 | 20.0
Evocations     | 9 15 | 15.0
Spellcasting   | 4 6 |  6.0
Transmutations | 4 6 |  6.0
Throwing       | |  1.7

Action                     |  1- 3 |  4- 6 |  7- 9 | 10-12 | 13-15 | 16-18 | 19-21 | 22-24 | 25-27 || total
---------------------------+-------+-------+-------+-------+-------+-------+-------+-------+-------++-------
  Melee: Dagger            |    82 |   217 |   732 |   804 |     1 |       |       |       |       ||  1836
         Punch             |       |     1 |    13 |     9 |    11 |       |       |       |       ||    34
         Unarmed           |       |       |    20 |       |       |       |       |       |       ||    20
         Tailslap          |       |       |   129 |   193 |   205 |   246 |   271 |   324 |    22 ||  1390
         Demon blade       |       |       |       |   199 |  1061 |  1368 |  1279 |  1385 |    78 ||  5370
  Throw: Dart              |       |    19 |    12 |    23 |     3 |       |       |     2 |       ||    59
         Throwing net      |       |       |       |     5 |     1 |       |       |       |       ||     6
   Cast: Wereblood         |       |       |       |       |       |       |       |    24 |       ||    24
 Invoke: Serpent's Lash    |       |       |       |       |     8 |     8 |     8 |    13 |     1 ||    38
         Heavenly Storm    |       |       |       |       |     1 |     2 |     2 |     1 |     3 ||     9
Ability: Lunge             |       |       |     2 |    52 |    79 |   124 |   105 |    95 |     2 ||   459
         Whirlwind         |       |       |       |    69 |   370 |   482 |   598 |   622 |    20 ||  2161
  Evoke: Wand              |       |       |       |     1 |    15 |     1 |     1 |     3 |       ||    21
    Use: Scroll            |     3 |     9 |     4 |    11 |    12 |     2 |       |    10 |     1 ||    52
         Potion            |       |     4 |     3 |     1 |       |       |     2 |     3 |     2 ||    15
   Stab: Sleeping          |    18 |     2 |     7 |    23 |    30 |    30 |    31 |    13 |       ||   154
         Invisible         |       |     2 |       |    18 |       |       |       |       |       ||    20
         Distracted        |       |     1 |     2 |     2 |     7 |     3 |     3 |     8 |       ||    26
         Held in net/web   |       |       |       |     2 |     2 |       |       |       |       ||     4
         Petrified         |       |       |       |       |    10 |       |       |       |       ||    10
         Petrifying        |       |       |       |       |     2 |       |       |       |       ||     2
 Armour: Robe              |    11 |    16 |       |       |       |       |       |       |       ||    27
         Leather armour    |       |    29 |    52 |       |       |       |       |       |       ||    81
         Skin              |       |       |    24 |       |       |       |       |       |       ||    24
         Steam dragon scal |       |       |     9 |   108 |       |       |       |       |       ||   117
         Troll leather arm |       |       |       |    20 |    98 |   102 |   136 |    23 |       ||   379
         Acid dragon scale |       |       |       |       |     1 |       |       |       |       ||     1
         Fire dragon scale |       |       |       |       |    30 |       |       |   164 |    16 ||   210
         Scale mail        |       |       |       |       |       |    91 |       |       |       ||    91
  Dodge: Dodged            |    58 |   155 |   337 |   617 |   603 |   686 |   595 |   531 |    24 ||  3606
  Block: Buckler           |       |       |       |       |    80 |   276 |     7 |       |       ||   363
         Kite shield       |       |       |       |       |       |       |   495 |   565 |    50 ||  1110

Table legend: (Time is in decaauts)
 A = Elapsed time spent in this place.
 B = Non-inter-level travel time spent in this place.
 C = Inter-level travel time spent in this place.
 D = Time resting spent in this place.
 E = Time spent auto-exploring this place.
 F = Levels seen in this place.
 G = Mean time per level.
                   A        B        C        D        E       F      G
               +--------+--------+--------+--------+--------+-----+--------+
         Total |  47374 |  43265 |   4109 |   3006 |  28186 |  52 |  911.0 |
       Dungeon |  16749 |  14778 |   1971 |   2105 |   8797 |  15 | 1116.6 |
        Temple |    219 |    134 |     85 |      0 |    118 |   1 |  219.0 |
          Lair |   5148 |   4647 |    501 |    224 |   3306 |   5 | 1029.6 |
        Shoals |   2919 |   2777 |    142 |     71 |   1800 |   4 |  729.8 |
     Snake Pit |   4601 |   4346 |    255 |    135 |   3458 |   4 | 1150.2 |
  Orcish Mines |   1814 |   1559 |    255 |      0 |   1175 |   2 |  907.0 |
   Elven Halls |   2624 |   2509 |    115 |     11 |   1676 |   3 |  874.7 |
        Vaults |   6089 |   5793 |    296 |     49 |   4170 |   5 | 1217.8 |
        Depths |   4520 |   4167 |    353 |      0 |   3066 |   4 | 1130.0 |
           Zot |   1558 |   1425 |    133 |    385 |    301 |   5 |  311.6 |
         Trove |     60 |     60 |      0 |      0 |      0 |   1 |   60.0 |
      Ice Cave |    448 |    448 |      0 |      7 |    117 |   1 |  448.0 |
       Volcano |    271 |    271 |      0 |      0 |     63 |   1 |  271.0 |
      Gauntlet |    348 |    348 |      0 |     19 |    138 |   1 |  348.0 |
               +--------+--------+--------+--------+--------+-----+--------+

Top non-repeatable levels by time:
    D:11: 1652 daAuts
     D:6: 1525 daAuts
 Snake:3: 1456 daAuts
Depths:3: 1455 daAuts
    D:10: 1429 daAuts
Vaults:3: 1341 daAuts
Vaults:5: 1334 daAuts
 Snake:1: 1324 daAuts
  Lair:2: 1298 daAuts
Vaults:2: 1271 daAuts
     D:3: 1263 daAuts
     D:5: 1244 daAuts
Vaults:1: 1193 daAuts
     D:7: 1187 daAuts
     D:8: 1171 daAuts
